 Dungeon Crawl Stone Soup version 0.30.1-9-gdf580d7c3d (webtiles) character file.

Game seed: 10432576016494887704

13561 monsoonserge the Destroyer (level 11, -8/91 HPs)
             Began as a Yellow Draconian Conjurer on Oct 16, 2023.
             Was a Priest of Vehumet.
             Mangled by a manticore (9 damage)
             ... on level 11 of the Dungeon.
             The game lasted 00:54:06 (12854 turns).

monsoonserge the Destroyer (DrCj)                  Turns: 12854, Time: 00:54:09

Health: -8/91      AC: 10    Str: 10    XL:     11   Next: 77%
Magic:  17/26      EV: 14    Int: 25    God:    Vehumet [***...]
Gold:   448        SH:  0    Dex: 10    Spells: 8/18 levels left

rFire   + . .        G - +0 quarterstaff of Glory {freeze, Int+3 SInv}
rCold   . . .        (shield currently unavailable)
rNeg    . . .        (body armour unavailable)
rPois   +            (helmet restricted)
rElec   .            P - +1 cloak {rPois}
rCorr   +            (no gloves)
SInv    +            h - +0 pair of boots
Will    .....        J - amulet of magic regeneration
Stlth   +++          c - ring of protection from fire
HPRegen 0.35/turn    E - ring of magical power
MPRegen 0.60/turn

%: no passive effects
@: short of breath
A: spit acid, AC +7, unfitting armour, cold-blooded, acid resistance
a: Breathe Acid, Renounce Religion


You were on level 11 of the Dungeon.
You worshipped Vehumet.
Vehumet was most pleased with you.
You visited 3 branches of the dungeon, and saw 13 of its levels.
You also visited: Ossuary and Bailey.

You collected 876 gold pieces.
You spent 428 gold pieces at shops.

Inventory:

Hand Weapons
 e - a +0 sling
 t - a +5 dagger
 G - the +0 quarterstaff of Glory (weapon) {freeze, Int+3 SInv}
   (You bought it in a shop on level 6 of the Dungeon)

   Int:       It affects your intelligence (+3).
   SInv:      It lets you see invisible.
 O - a +4 quarterstaff of chaos
 U - a +1 spear of venom
 V - a +2 short sword of venom
 W - a +2 dagger of electrocution
Missiles
 r - 61 poisoned darts (quivered)
 s - 27 boomerangs
 F - 3 curare-tipped darts
Armour
 h - a +0 pair of boots (worn)
 P - a +1 cloak of poison resistance (worn)
Jewellery
 c - a ring of protection from fire (left hand)
 E - a ring of magical power (right hand)
 I - an amulet of the acrobat
 J - an amulet of magic regeneration (around neck)
 N - a +6 ring of dexterity
Wands
 o - a wand of quicksilver (11)
 u - a wand of charming (30)
 y - a wand of roots (20)
 L - a wand of polymorph (11)
 R - a wand of mindburst (12)
 S - a wand of digging (4)
Scrolls
 i - 3 scrolls of immolation
 l - 6 scrolls of teleportation
 m - 4 scrolls of enchant weapon {unknown}
 q - 2 scrolls of enchant armour
 v - 2 scrolls of magic mapping
 x - 3 scrolls of fog {unknown}
 A - a scroll of poison
 B - 2 scrolls of fear
 C - 4 scrolls of brand weapon
 H - a scroll of vulnerability {unknown}
 T - a scroll of amnesia
 X - 2 scrolls of blinking
 Z - a scroll of silence
Potions
 a - 2 potions of magic
 b - a potion of cancellation
 d - 12 potions of curing
 f - 6 potions of degeneration {unknown}
 g - 3 potions of berserk rage
 j - 4 potions of heal wounds
 k - a potion of might
 n - a potion of invisibility {unknown}
 p - 2 potions of haste {unknown}
 w - 10 potions of attraction
 z - 2 potions of resistance
 D - 8 potions of flight
 K - a potion of ambrosia {unknown}
 M - 2 potions of brilliance {unknown}
 Y - a potion of lignification {unknown}
Miscellaneous
 Q - a tin of tremorstones (2/2)


   Skills:
 + Level 6.7 Fighting
 - Level 3.3(3.7) Short Blades
 - Level 2.1(3.1) Long Blades
 + Level 0.5(1.1) Maces & Flails
 + Level 1.5(1.6) Staves
 + Level 2.1 Throwing
 + Level 8.3 Dodging
 + Level 6.3 Stealth
 - Level 4.0 Spellcasting
 * Level 11.8 Conjurations
 - Level 6.0 Translocations
 - Level 3.0 Evocations


You had 8 spell levels left.
You knew the following spells:

 Your Spells              Type           Power      Damage    Failure   Level
a - Magic Dart            Conj           100%       1d8       1%          1
b - Searing Ray           Conj           100%       2d8       1%          2
c - Iskenderun's Mystic   Conj/Tloc      49%        2d11      1%          4
d - Gell's Gravitas       Tloc           35%        N/A       2%          3

Your spell library contained the following spells:

 Spells                   Type           Power      Damage    Failure   Level
 Mephitic Cloud           Conj/Pois/Air  24%        N/A       1%          3
 Shock                    Conj/Air       100%       1d9       1%          1
 Lesser Beckoning         Tloc           70%        N/A       1%          2
 Static Discharge         Conj/Air       68%        2-5/arc   1%          2
 Dazzling Flash           Conj/Hex       68%        N/A       1%          3
 Hailstorm                Conj/Ice       34%        3d9       1%          3
 Stone Arrow              Conj/Erth      68%        3d11      1%          3
 Freeze                   Ice            20%        1d4       2%          1
 Teleport Other           Tloc           35%        N/A       2%          3
 Fulminant Prism          Conj/Hex       17%        3d10      2%          4
 Frozen Ramparts          Ice            10%        1d2       7%          3
 Summon Small Mammal      Summ           20%        N/A       9%          1
 Call Canine Familiar     Summ           5%         N/A       26%         3
 Confusing Touch          Hex            5%         N/A       26%         3
 Ozocubu's Armour         Ice            5%         N/A       26%         3
 Summon Guardian Golem    Hex/Summ       5%         N/A       26%         3
 Summon Lightning Spire   Summ/Air       5%         N/A       65%         4
 Plasma Beam              Fire/Air       2%         2x1d14    96%         6
 Ozocubu's Refrigeration  Ice            2%         4d8       100%        7
 Storm Form               Tmut/Air       2%         N/A       100%        7
 Lehudib's Crystal Spear  Conj/Erth      17%        10d5      100%        8
 Maxwell's Capacitive Co  Air            2%         ∞         100%        8
 Animate Armour           Summ/Erth      Unusable   N/A       N/A         4

Dungeon Overview and Level Annotations

Branches:
Dungeon (11/15)            Temple (1/1) D:7            Lair (1/5) D:9
    Orc (0/2) D:10        Ossuary (visited)          Bailey (visited)

Altars:
Ashenzari
Cheibriados
Dithmenos
Elyvilon
Fedhas
Gozag
Hepliaklqana
Kikubaaqudgha
Makhleb
Nemelex Xobeh
Okawaru
Qazlal
Ru
Sif Muna
Trog
Uskayaw
Vehumet
Wu Jian
Xom
Yredelemnul
Zin
The Shining One

Shops:
D:1 *   D:6 **

Annotations:
D:4 3 runed translucent doors, Zalbag's ghost, amateur MiGl; kamileon1's ghost, amateur DgWn
Lair:1 Fannar


Innate Abilities, Weirdness & Mutations

You can spit globs of acid.
Your golden yellow scales are hard. (AC +7)
You cannot fit into any form of body armour.
You are cold-blooded and may be slowed by cold attacks.
You are resistant to acid. (rCorr)


Message History

Confirm with . or Enter, or press ? or * to list all spells.
Aiming: Searing Ray (safe; 1% risk of failure)
Press: ? - help, Shift-Dir - straight line, f/p - manticore
Aim: a manticore (moderately wounded, 90% to hit)
The searing ray hits the manticore.
The manticore is moderately wounded. (Press . to maintain the ray.)
The manticore barely misses you. The manticore completely misses you.
The manticore barely misses you.
The searing ray hits the manticore!
The manticore is heavily wounded.
The manticore completely misses you. The manticore closely misses you.
The manticore claws you but does no damage.
The searing ray misses the manticore.
The manticore misses you. The manticore barely misses you.
The manticore claws you!
The searing ray hits the manticore!
The manticore is severely wounded.
You finish channelling your searing ray.
The manticore bites you but does no damage.
The manticore barely misses you. The manticore claws you!
Casting: Searing Ray (safe; 1% risk of failure)
Confirm with . or Enter, or press ? or * to list all spells.
Aiming: Searing Ray (safe; 1% risk of failure)
Press: ? - help, Shift-Dir - straight line, f/p - manticore
Aim: a manticore (severely wounded, 90% to hit)
The searing ray misses the manticore. (Press . to maintain the ray.)
The manticore bites you!
* * * LOW HITPOINT WARNING * * *
The manticore claws you but does no damage.
The manticore claws you.
* * * LOW HITPOINT WARNING * * *
The searing ray hits the manticore.
The manticore is severely wounded.
The manticore bites you!
* * * LOW HITPOINT WARNING * * *
The manticore claws you!
* * * LOW HITPOINT WARNING * * *
The manticore claws you!
You die...

... ###...... ..
#...^..>.
.##........
####..........
..#..#..........
..#.............
........H.......
........@.......
.................
..................
..
...................
...
.................##.
...##
................##
.....#
#..............##
.....##
#...............##
#...
#.................
#.#.


You could see a manticore.

Vanquished Creatures
  Erica (D:11)
  A boulder beetle (D:9)
  2 two-headed ogres (D:9)
  Pikel (D:6)
  An orc knight (Bailey)
  A cyclops (D:11)
  A gargoyle (D:11)
  2 trolls
  Prince Ribbit (D:7)
  A hornet (D:8)
  A wraith (D:8)
  A shadow (D:10)
  3 wyverns
  10 yaks
  A steam dragon (D:9)
  Menkaure (D:7)
  3 vampire mosquitoes (D:7)
  2 wargs (D:9)
  3 acid dragons
  2 water moccasins
  3 black bears
  14 orc warriors
  A sky beast (D:7)
  4 ogres
  2 lemures (D:6)
  5 kobold brigands
  2 bullfrogs (D:7)
  A scorpion (D:3)
  An elf zombie (Ossuary)
  8 wights
  22 killer bees
  4 jellies (D:6)
  3 howler monkeys (D:9)
  5 orc priests
  7 hounds
  A gnoll bouda (D:7)
  Crazy Yiuf (D:7)
  2 human zombies (Ossuary)
  3 iguanas
  8 orc wizards
  Ijyb (D:3)
  4 mummies (Ossuary)
  6 gnolls
  8 adders
  A shadow imp (D:8)
  A white imp (D:5)
  An ufetubus (D:6)
  A worm (D:2)
  A dart slug (D:3)
  26 orcs
  7 endoplasms
  5 giant cockroaches
  14 goblins
  8 hobgoblins
  A jackal (D:5)
  48 kobolds
  2 quokkas
  9 ball pythons
  6 bats
  6 frilled lizards
  A goblin zombie (Ossuary)
  3 hobgoblin zombies (Ossuary)
  2 jackal zombies (Ossuary)
  2 kobold zombies (Ossuary)
  4 rats
  A rat zombie (Ossuary)
  A spectral goblin (D:2)
  A butterfly (D:9)
307 creatures vanquished.

Notes
Turn   | Place    | Note
-------+----------+-------------------------------------------
     0 | D:1      | monsoonserge the Draconian Conjurer began the quest for the
                  | Orb.
     0 | D:1      | Reached XP level 1. HP: 14/14 MP: 3/3
   217 | D:1      | You fall into a shaft and drop 1 floor!
   222 | D:2      | Reached XP level 2. HP: 20/20 MP: 1/5
   229 | D:2      | Got the Secrets of the Oath and Electrocution
   414 | D:2      | Learned a level 2 spell: Searing Ray
   480 | D:2      | Found a faded altar of an unknown god.
   487 | D:1      | Found Cagixab's Assorted Antiques.
   662 | D:1      | Reached XP level 3. HP: 25/26 MP: 1/6
  1598 | D:3      | Noticed a scorpion
  1728 | D:3      | Reached skill level 1 in Long Blades
  1728 | D:3      | Reached XP level 4. HP: 34/34 MP: 2/7
  2230 | D:3      | Killed a scorpion
  2231 | D:3      | Reached skill level 1 in Fighting
  2231 | D:3      | Reached XP level 5. HP: 39/40 MP: 3/8
  2517 | D:3      | Noticed Ijyb
  2564 | D:3      | Killed Ijyb
  2764 | D:4      | Found a snail-covered altar of Cheibriados.
  2786 | D:4      | Found an ancient bone altar of Kikubaaqudgha.
  3243 | D:4      | Noticed an ogre
  3250 | D:4      | Killed an ogre
  3251 | D:4      | Reached skill level 5 in Conjurations
  3251 | D:4      | Reached skill level 1 in Evocations
  3251 | D:4      | Reached XP level 6. HP: 48/48 MP: 2/10
  3682 | D:4      | Found a runed translucent gate.
  3682 | D:4      | Found a runed translucent gate.
  3682 | D:4      | Found a runed translucent gate.
  3686 | D:4      | Noticed kamileon1's ghost (amateur DgWn)
  3686 | D:4      | Noticed Zalbag's ghost (amateur MiGl)
  3705 | D:5      | Entered Level 5 of the Dungeon
  3817 | D:4      | Your scales start taking on a golden yellow colour.
  3817 | D:4      | Reached XP level 7. HP: 42/56 MP: 2/11
  3817 | D:4      | Gained mutation: You are resistant to acid. (rCorr) [Yellow
                  | Draconian growth]
  3879 | D:5      | Reached skill level 6 in Conjurations
  3908 | D:5      | Found a sand-covered staircase.
  3950 | Ossuary  | Entered an ossuary
  4001 | Ossuary  | Reached skill level 1 in Short Blades
  4350 | D:5      | Reached XP level 8. HP: 33/63 MP: 1/12
  4744 | D:5      | Found a white marble altar of Elyvilon.
  5122 | D:6      | Learned a level 4 spell: Iskenderun's Mystic Blast
  5206 | D:6      | Found Qejyit's Serpentskin Sales.
  5270 | D:6      | Bought 3 curare-tipped darts for 39 gold pieces
  5416 | D:6      | Reached skill level 1 in Translocations
  5664 | D:6      | Found Heuss's Assorted Antiques.
  5689 | D:6      | Bought a bloodstained quarterstaff for 288 gold pieces
  5689 | D:6      | Identified the +0 quarterstaff of Glory {freeze, Int+3
                  | SInv} (You bought it in a shop on level 6 of the Dungeon)
  5858 | D:6      | Reached skill level 7 in Conjurations
  6311 | D:7      | Noticed Pikel
  6398 | D:6      | Killed Pikel
  6399 | D:6      | Reached XP level 9. HP: 12/71 MP: 11/15
  6798 | D:7      | Reached skill level 5 in Dodging
  6929 | D:7      | Noticed Menkaure
  6932 | D:7      | Killed Menkaure
  7078 | D:7      | Noticed Prince Ribbit
  7085 | D:7      | Reached skill level 5 in Stealth
  7093 | D:7      | Killed Prince Ribbit
  7410 | D:7      | Found a staircase to the Ecumenical Temple.
  7418 | Temple   | Entered the Ecumenical Temple
  7529 | Temple   | Became a worshipper of Vehumet
  7768 | D:7      | Reached skill level 8 in Conjurations
  7886 | D:7      | Found a runed translucent door.
  7887 | D:7      | Noticed Crazy Yiuf
  7894 | D:7      | Killed Crazy Yiuf
  8163 | D:8      | Found a glowing silver altar of Zin.
  8265 | D:8      | Found a flagged portal.
  8276 | D:8      | Reached * piety under Vehumet
  8276 | D:8      | Offered knowledge of Foxfire by Vehumet.
  8518 | D:1      | Bought a scroll labelled QIEL ITUUFUECS for 22 gold pieces
  8518 | D:1      | Bought a green potion for 19 gold pieces
  8518 | D:1      | Bought a fuming yellow potion for 19 gold pieces
  8518 | D:1      | Bought a murky inky potion for 19 gold pieces
  8518 | D:1      | Bought a scroll labelled FINA TOBREURIE for 22 gold pieces
  8656 | Bailey   | Entered a bailey
  8681 | Bailey   | Noticed an orc knight
  8704 | Bailey   | Killed an orc knight
  8705 | Bailey   | Reached XP level 10. HP: 6/80 MP: 4/16
  8956 | Bailey   | Reached skill level 5 in Fighting
  9170 | Bailey   | Reached skill level 1 in Staves
  9535 | D:8      | Reached skill level 9 in Conjurations
  9923 | D:8      | Reached skill level 5 in Translocations
 10115 | D:8      | Reached ** piety under Vehumet
 10282 | D:9      | Noticed a boulder beetle
 10418 | D:9      | Offered knowledge of Poisonous Vapours by Vehumet.
 10642 | D:9      | Reached skill level 1 in Throwing
 10662 | D:8      | Learned a level 3 spell: Gell's Gravitas
 10937 | D:9      | Reached skill level 10 in Conjurations
 11080 | D:9      | Found a staircase to the Lair.
 11089 | D:9      | Offered knowledge of Momentum Strike by Vehumet.
 11092 | D:9      | Reached XP level 11. HP: 74/88 MP: 15/17
 11218 | D:9      | Killed a boulder beetle
 11522 | D:9      | Reached *** piety under Vehumet
 11531 | D:9      | Noticed a two-headed ogre
 11544 | D:9      | Killed a two-headed ogre
 11549 | D:9      | HP: 4/89 [poisoned by a killer bee]
 11889 | D:9      | Noticed a two-headed ogre
 11893 | D:9      | Reached skill level 11 in Conjurations
 11899 | D:9      | Killed a two-headed ogre
 12146 | D:9      | Found a shimmering altar of Xom.
 12201 | Lair:1   | Entered Level 1 of the Lair of Beasts
 12205 | Lair:1   | Noticed Fannar
 12237 | D:10     | Entered Level 10 of the Dungeon
 12383 | D:10     | Offered knowledge of Mephitic Cloud by Vehumet.
 12474 | D:10     | Found a staircase to the Orcish Mines.
 12511 | D:10     | Noticed a vault guard
 12589 | D:11     | Noticed Erica
 12590 | D:11     | Found a shadowy altar of Dithmenos.
 12601 | D:11     | Killed Erica
 12854 | D:11     | HP: 1/91 [manticore (7)]
 12854 | D:11     | Mangled by a manticore

Illustrated notes

Levels and vault maps discovered:
D:1:      matt_arrival_grand_opening, layout_rooms, serial_shops,
          nicolae_shop_statue_plus, serial_park_tiny_2, corexii_corridor_pit
D:2:      layout_rooms, dreamdust_ecumenical_altar_drowned_temple
D:3:      layout_loops_ring, uniq_ijyb
D:4:      layout_cave_pools, nicolae_overflow_squiral, gammafunk_ghost_cemetery
D:5:      layout_cave_pools, marbit_many_paths, enter_ossuary_5, serial_glass,
          glass_columns_b, glass_columns_c, glass_columns_a, glass_columns_b
D:6:      layout_loops_ring, serial_shops, nicolae_shop_statue_plus,
          guppyfry_shop_venom
D:7:      layout_loops_corners, minmay_temple_entry_glassed_door, minivault_1,
          uniq_pikel, uniq_crazy_yiuf_cottage, uniq_prince_ribbit1,
          uniq_menkaure
D:8:      layout_loops_ring, zin_academy, enter_bailey_5
D:9:      minmay_bubble_buster, layout_rooms, xom_butterflies,
          erik_lair_orcish_takeover
D:10:     layout_loops_cross, mainiacjoe_overflow_tiny_flanked, orc_0_dummy,
          enter_trove_5, serial_shops, shop_fountains, st_stairs_8,
          minmay_misc_feat_roman
D:11:     kennysheep_six_static_rooms, layout_cave_pools, serial_glass,
          glass_columns_c, glass_columns_a, grunt_dithmenos_smoke_and_mirrors,
          uniq_erica
Temple:   nicolae_temple_superstar
Lair:1:   layout_chaotic_city, dreamdust_mushroom_princess,
          serial_bayou_lagoon_b, serial_bayou_shore_a, uniq_fannar

Skill      XL: |  1  2  3  4  5  6  7  8  9 10 11 |
---------------+----------------------------------+-----
Dodging        | 2 3 4 5 6 8 |  8.3
Stealth        | 2 3 4 5 6 |  6.3
Long Blades    | 1 2 |  2.1
Fighting       | 1 2 3 4 5 6 |  6.7
Conjurations   | 5 6 7 8 10 11 | 11.8
Evocations     | 1 2 3 |  3.0
Spellcasting   | 3 4 |  4.0
Short Blades   | 1 3 |  3.3
Translocations | 2 4 5 6 |  6.0
Staves         | 1 |  1.5
Throwing       | 1 2 |  2.1
Maces & Flails | |  0.5

Action                     |  1- 3 |  4- 6 |  7- 9 | 10-12 || total
---------------------------+-------+-------+-------+-------++-------
  Melee: Unarmed           |    26 |       |       |       ||    26
         Tailslap          |     9 |       |     5 |     1 ||    15
         Whip              |    26 |       |       |       ||    26
         Long sword        |    52 |     4 |       |       ||    56
         Dagger            |       |    14 |    52 |       ||    66
         Quarterstaff      |       |       |     8 |    11 ||    19
  Throw: Dart              |       |     2 |     1 |     8 ||    11
   Cast: Magic Dart        |    28 |       |       |       ||    28
         Searing Ray       |    16 |    35 |    76 |    97 ||   224
         Iskenderun's Myst |       |       |     4 |     8 ||    12
         Gell's Gravitas   |       |       |       |    10 ||    10
Ability: Breathe Acid      |       |       |     7 |    11 ||    18
    Use: Scroll            |     1 |     5 |     7 |     4 ||    17
   Stab: Sleeping          |       |     1 |     2 |       ||     3
 Armour: Skin              |    45 |    21 |    57 |    62 ||   185
  Dodge: Dodged            |    90 |    33 |   119 |   193 ||   435
